 Dungeon Crawl Stone Soup version 0.31.0-9-g3a7656b989 (webtiles) character file.

Game seed: 8614123959436566773

483 qw the Shooter (level 6, -1/30 HPs)
             Began as a Spriggan Hunter on Feb 2, 2024.
             Slain by an orc
             ... wielding a +2 falchion of holy wrath
              (9 damage)
             ... on level 5 of the Dungeon.
             The game lasted 00:00:14 (2889 turns).

qw the Shooter (Spriggan Hunter)                    Turns: 2889, Time: 00:00:14

Health: -1/30      AC:  2    Str:  7    XL:     6   Next: 88%
Magic:  7/7        EV: 22    Int: 10    God:
Gold:   201        SH:  0    Dex: 21    Spells: 5/5 levels left

rFire   . . .        a - +1 shortbow
rCold   . . .        (shield currently unavailable)
rNeg    + . .        c - +0 robe
rPois   .            (helmet restricted)
rElec   .            (no cloak)
rCorr   .            (gloves unavailable)
SInv    +            (boots unavailable)
Will    ++...        (no amulet)
Stlth   ++           e - ring of positive energy
HPRegen 0.25/turn    m - ring of willpower
MPRegen 0.10/turn

%: no passive effects
@: very quick
A: very small, no large weapons, unfitting armour, see invisible, speed 3
a: no special abilities


You were on level 5 of the Dungeon.
You visited 1 branch of the dungeon, and saw 5 of its levels.

You collected 201 gold pieces.


Innate Abilities, Weirdness & Mutations

You are very small and have problems with some larger weapons.
You are too small for most types of armour.
You have supernaturally acute eyesight. (SInv)
You cover ground extremely quickly. (Speed+++)


   Skills:
 - Level 2.0 Fighting
 + Level 6.9 Ranged Weapons
 - Level 6.2 Dodging
 - Level 1.5 Stealth


You had 5 spell levels left.
You didn't know any spells.
Your spell library was empty.

Inventory:

Hand Weapons
 a - a +1 shortbow (weapon)
Armour
 c - a +0 robe (worn)
Jewellery
 e - a ring of positive energy (left hand)
 m - a ring of willpower (right hand)
Potions
 f - 2 potions of heal wounds
 g - 2 potions of curing
 h - a potion of enlightenment
 j - a potion of attraction {unknown}
 k - a potion of degeneration {unknown}

Dungeon Overview and Level Annotations

Branches:
Dungeon (5/15)
 Temple: D:4-7

Altars:
Cheibriados
Kikubaaqudgha
Makhleb

Shops:
D:4 *

Annotations:
D:4 exclusion: bombardier beetle


Message History

The hound is lightly wounded.
The adder hisses angrily.
You shoot an arrow. The arrow closely misses the hound.
You shoot an arrow.
The arrow hits the hound but does no damage.
The hound is lightly wounded.
The hound misses you.
You shoot an arrow. The arrow barely misses the hound.
The hound bites you.
You shoot an arrow. The arrow misses the hound.
The hound bites you. The hound barely misses you.
The adder completely misses you.
You shoot an arrow. The arrow hits the hound!
The hound is heavily wounded.
The hound completely misses you. The adder closely misses you.
The hound completely misses you.
You shoot an arrow. The arrow closely misses the hound.
The adder bites you.
You are poisoned.
The adder poisons you! The hound misses you. The orc closely misses you.
The adder bites you.
You shoot an arrow. The arrow completely misses the hound.
You feel sick. The hound closely misses you. The orc misses you.
The adder misses you. The hound closely misses you.
You shoot an arrow. The arrow hits the hound!
You kill the hound!
You feel sick.
The orc hits you with a +2 falchion of holy wrath!
The adder misses you.
You shoot an arrow. The arrow hits the adder!
The adder is severely wounded.
You feel sick.
You are no longer poisoned.
The adder closely misses you. The orc closely misses you.
The adder completely misses you.
You shoot an arrow. The arrow hits the adder!
You kill the adder!
The orc hits you with a +2 falchion of holy wrath.
The orc hits you with a +2 falchion of holy wrath!
You die...

.. #. .. ### .# ##
... .# ### ..
#.###$# ..$. #.
.#.#...o%#..... #.
.......@..).... #<
..###.#.##..... ###.
#.#.# ... #... #.#.#
# ###.#. #.#.#
#..... #.###..#.##
#.#.##
#..>..###.#######
#.#.##
#####..#...[..(.#
#.#...
#.#.#.###.#.###.####


You could see an orc.

Vanquished Creatures
  A kobold brigand (D:5)
  Blork the orc (D:4)
  A bombardier beetle (D:4)
  2 hounds (D:5)
  2 orc priests (D:4)
  Natasha (D:4)
  An iguana (D:4)
  8 adders
  3 ribbon worms
  2 dart slugs (D:2)
  4 orcs (D:4)
  3 bats
  7 endoplasms
  A giant cockroach (D:1)
  11 goblins
  5 hobgoblins
  2 quokkas
  5 ball pythons
  11 kobolds
  4 rats
75 creatures vanquished.

Notes
Turn   | Place    | Note
-------+----------+-------------------------------------------
     0 | D:1      | qw the Spriggan Hunter began the quest for the Orb.
     0 | D:1      | Reached XP level 1. HP: 10/10 MP: 2/2
     0 | D:1      | 0 ||| qw: Version: 0.3-a-155-g5e7d8dd
     0 | D:1      | 0 ||| qw: Game counter: 2384
     0 | D:1      | 0 ||| qw: Melee chars always use a shield: true
     0 | D:1      | 0 ||| qw: God list: Okawaru
     0 | D:1      | 0 ||| qw: Allow faded altars: false
     0 | D:1      | 0 ||| qw: Do Orc after clearing Dungeon:15 true
     0 | D:1      | 0 ||| qw: Do second Lair branch before Depths: true
     0 | D:1      | 0 ||| qw: Lair rune preference: random
     0 | D:1      | 0 ||| qw: Goals: Normal
     0 | D:1      | 0 ||| PLANNING D:1-11
    74 | D:1      | Reached skill level 3 in Dodging
   371 | D:1      | Reached XP level 2. HP: 14/14 MP: 3/3
   509 | D:1      | 509 ||| READING scroll labelled WOMIPR COUDGH.
   510 | D:1      | 510 ||| READING 2 scrolls labelled SUTSOLLEEB.
   510 | D:1      | 510 ||| IDENTIFYING viscous grey potion
   511 | D:1      | 511 ||| READING scroll of identify.
   511 | D:1      | 511 ||| IDENTIFYING clear potion
   512 | D:1      | 512 ||| READING scroll labelled ENEONGO JIPS.
   517 | D:1      | 517 ||| DROPPING scroll of butterflies.
   518 | D:1      | 518 ||| DROPPING potion of brilliance.
   889 | D:2      | Reached XP level 3. HP: 18/18 MP: 4/4
   942 | D:2      | Found a faded altar of an unknown god.
  1160 | D:2      | 1160 ||| UPGRADING to ring of positive energy.
  1161 | D:2      | 1161 ||| READING scroll labelled WEKKAO FILIUMN.
  1162 | D:2      | 1162 ||| READING scroll labelled LAFRIP ODEIPUY.
  1163 | D:2      | 1163 ||| READING scroll labelled CIRCHU UDYSCH.
  1264 | D:2      | 1264 ||| READING scroll labelled GAMOAX EMITAPN.
  1264 | D:2      | 1264 ||| ENCHANTING +0 shortbow.
  1343 | D:3      | Found an ancient bone altar of Kikubaaqudgha.
  1343 | D:3      | Found a burning altar of Makhleb.
  1715 | D:3      | 1715 ||| READING scroll of identify.
  1715 | D:3      | 1715 ||| IDENTIFYING golden potion
  1716 | D:3      | 1716 ||| READING 2 scrolls labelled GOYDITOQAT.
  1717 | D:3      | 1717 ||| READING scroll labelled JYURCHU PIEDUI.
  1718 | D:3      | 1718 ||| DRINKING 4 fizzy coppery potions.
  1719 | D:3      | 1719 ||| DROPPING scroll of blinking.
  1721 | D:3      | 1721 ||| Stepping ~*~*~tactically~*~*~ (cloud).
  1722 | D:3      | 1722 ||| DRINKING 2 potions of curing.
  1722 | D:3      | 1722 ||| (to cure poison)
  1724 | D:3      | 1724 ||| Stepping ~*~*~tactically~*~*~ (cloud).
  1730 | D:3      | HP: 4/18 [poisoned by you (poison gas)]
  1877 | D:4      | Found a snail-covered altar of Cheibriados.
  1894 | D:4      | Reached XP level 4. HP: 22/22 MP: 5/5
  1902 | D:4      | Found Jetosautu's Lightly-Used Armoury.
  1942 | D:4      | Noticed Blork the orc
  1944 | D:4      | 1944 ||| FLEEEEING.
  1946 | D:4      | 1946 ||| FLEEEEING.
  1947 | D:4      | 1947 ||| FLEEEEING.
  1950 | D:4      | 1950 ||| FLEEEEING.
  1951 | D:4      | 1951 ||| FLEEEEING.
  1952 | D:4      | 1952 ||| FLEEEEING.
  1953 | D:4      | 1953 ||| FLEEEEING.
  1954 | D:4      | 1954 ||| FLEEEEING.
  1956 | D:4      | 1956 ||| FLEEEEING.
  1957 | D:4      | 1957 ||| FLEEEEING.
  1958 | D:4      | 1958 ||| FLEEEEING.
  1960 | D:4      | 1960 ||| FLEEEEING.
  1961 | D:4      | 1961 ||| FLEEEEING.
  1962 | D:4      | 1962 ||| FLEEEEING.
  1966 | D:4      | 1966 ||| FLEEEEING.
  1978 | D:4      | Killed Blork the orc
  2069 | D:4      | Reached XP level 5. HP: 25/25 MP: 6/6
  2286 | D:4      | 2286 ||| FLEEEEING.
  2356 | D:4      | HP: 4/26 [iguana (11)]
  2357 | D:4      | 2357 ||| DRINKING 3 potions of heal wounds.
  2371 | D:4      | Reached skill level 6 in Ranged Weapons
  2371 | D:4      | Reached XP level 6. HP: 24/30 MP: 7/7
  2465 | D:4      | Noticed Natasha
  2469 | D:4      | 2469 ||| RETREEEEATING.
  2473 | D:4      | 2473 ||| RETREEEEATING.
  2475 | D:4      | 2475 ||| RETREEEEATING.
  2476 | D:4      | 2476 ||| RETREEEEATING.
  2481 | D:4      | Killed Natasha
  2535 | D:4      | Reached skill level 6 in Dodging
  2619 | D:4      | 2619 ||| UPGRADING to ring of willpower.
  2620 | D:4      | 2620 ||| READING scroll of identify.
  2620 | D:4      | 2620 ||| IDENTIFYING yellow potion
  2621 | D:4      | 2621 ||| READING scroll labelled XUVUBU UPTA.
  2621 | D:4      | 2621 ||| ENCHANTING +1 shortbow.
  2622 | D:4      | 2622 ||| READING scroll labelled EMUTURRUNUI.
  2723 | D:4      | 2723 ||| READING scroll labelled DIEVUO ROMIZIP.
  2724 | D:4      | 2724 ||| DROPPING potion of berserk rage.
  2743 | D:5      | Entered Level 5 of the Dungeon
  2889 | D:5      | Slain by an orc

Levels and vault maps discovered:
D:1:      dpeg_arrival_refuge, layout_loops_ring
D:2:      layout_loops_ring, shapermc_ecumenical_altar_pompeii,
          hangedman_decor_growths, minivault_19, minmay_misc_feat_square
D:3:      layout_rooms, grunt_temple_overflow_open, minmay_door_square
D:4:      layout_basic, slow_altar_1, minmay_shop_damaged, grunt_tough_drop,
          uniq_blork_the_orc, uniq_natasha
D:5:      layout_loops_cross, lemuel_coloured_pillars_altar,
          minmay_temple_entry_junction_2, minmay_misc_feat_roman

Skill      XL: |  1  2  3  4  5  6 |
---------------+-------------------+-----
Dodging        | 3 4 5 6 |  6.2
Ranged Weapons | 5 6 |  6.9
Fighting       | 2 |  2.0
Stealth        | |  1.5

Action                     |  1- 3 |  4- 6 || total
---------------------------+-------+-------++-------
   Fire: Shortbow          |    92 |   147 ||   239
    Use: Scroll            |    11 |     4 ||    15
         Potion            |     2 |     1 ||     3
 Armour: Robe              |     1 |    31 ||    32
  Dodge: Dodged            |     8 |    70 ||    78

Table legend:
 A = Non-vault XP
 B = Vault XP
 C = Vault XP percentage of total XP
 D = Non-vault monster count
 E = Vault monster count
 F = Vault count percentage of total count
                 A         B        C        D         E       F
            +---------+---------+-------+---------+---------+-------
      Total |     517 |     187 |  26.6 |      70 |       5 |   6.7
            +---------+---------+-------+---------+---------+-------
        D:1 |      13 |       0 |   0.0 |       8 |       0 |   0.0
        D:2 |      36 |       0 |   0.0 |      16 |       0 |   0.0
        D:3 |      37 |       0 |   0.0 |      10 |       0 |   0.0
        D:4 |     221 |     187 |  45.8 |      25 |       5 |  16.7
        D:5 |     210 |       0 |   0.0 |      11 |       0 |   0.0
            +---------+---------+-------+---------+---------+-------
